[Event "Team 45 45 League T88"]
[Site "Internet Chess Club"]
[Date "2021.04.12"]
[Round "1"]
[White "McDreasor"]
[Black "zugknightly"]
[Result "1/2-1/2"]
[WhiteElo "1926"]
[BlackElo "1893"]
[Opening "Robatsch (modern) defense"]
[ECO "B06"]
[Time "15:00:54"]
[TimeControl "2700+45"]

1. e4 g6 2. d4 Bg7 3. Nc3 d6 4. Be3 a6 5. Qd2 b5 6. h4 h5 7. f3 Nf6 8. Nh3 c6 9.
Ng5 Qc7 10. Be2 a5 {Game drawn by mutual agreement} 1/2-1/2

[Event "Team 45 45 League T88"]
[Site "Internet Chess Club"]
[Date "2021.04.10"]
[Round "1"]
[White "Beetlejuice"]
[Black "elmaestro"]
[Result "1-0"]
[WhiteElo "1699"]
[BlackElo "1676"]
[Opening "Queen's gambit accepted"]
[ECO "D20"]
[Time "14:05:48"]
[TimeControl "2700+45"]

1. d4 d5 2. c4 dxc4 3. e3 Nf6 4. Bxc4 e5 5. Qb3 Be6 6. Bxe6 fxe6 7. Qxe6+ Qe7 8.
Qxe5 Qxe5 9. dxe5 Ng4 10. f4 Bb4+ 11. Nc3 Nc6 12. Nf3 O-O 13. Ke2 a6 14. Bd2
Rad8 15. Rhd1 Na5 16. Ne4 Bxd2 17. Rxd2 Nc4 18. Rxd8 Rxd8 19. h3 Ngxe3 20. Rc1
Nxg2 21. Rxc4 Nxf4+ 22. Kf2 c6 23. Nd6 Nd3+ 24. Ke2 Nxe5 25. Nxb7 Rd5 26. Rc5
Rd7 27. Nxe5 Rxb7 28. Rxc6 Rxb2+ 29. Ke3 Kf8 30. Rxa6 Rh2 31. a4 Rxh3+ 32. Kf4
Ke7 33. a5 Rh5 34. Rc6 Rh4+ 35. Kg5 Re4 36. Kf5 Ra4 37. a6 h5 38. Re6+ Kd8 39.
a7 h4 40. Rg6 h3 41. Rxg7 h2 42. Nc6+ Kc8 43. Rh7 Ra2 44. Rxh2 Ra6 45. Rh7 Ra1
46. Ke5 Re1+ 47. Kd5 Rd1+ 48. Kc5 Rc1+ 49. Kb6 Rb1+ 50. Ka6 Ra1+ 51. Na5 {Black
resigns} 1-0

[Event "Team 45 45 League T88"]
[Site "Internet Chess Club"]
[Date "2021.04.08"]
[Round "1"]
[White "ascoli"]
[Black "CPTsopiens"]
[Result "0-1"]
[WhiteElo "1767"]
[BlackElo "1776"]
[Opening "Réti opening"]
[ECO "A05"]
[Time "23:00:48"]
[TimeControl "2700+45"]

1. Nf3 Nf6 2. g3 d5 3. Bg2 c5 4. O-O Nc6 5. d3 e5 6. e4 Be7 7. Nbd2 O-O 8. exd5
Nxd5 9. Nc4 f6 10. a4 Bg4 11. Be3 Qc7 12. Qd2 Rad8 13. h3 Be6 14. Qe2 a6 15.
Nfd2 b5 16. axb5 axb5 17. Na3 Qb6 18. Ne4 Nd4 19. Bxd4 cxd4 20. Nb1 Rc8 21. Rc1
Rc7 22. Nbd2 f5 23. Ng5 Bxg5 24. Qxe5 Bxd2 25. Bxd5 Bxd5 26. Qxd5+ Kh8 27. Ra8
Qf6 28. Rca1 h6 29. R1a6 Qf7 30. Qd6 Rxa8 31. Rxa8+ Kh7 32. Qxd4 Rxc2 33. Ra7
Rc7 {White resigns} 0-1

[Event "Team 45 45 League T88"]
[Site "Internet Chess Club"]
[Date "2021.04.07"]
[Round "1"]
[White "Lawkeito"]
[Black "mongmong"]
[Result "1/2-1/2"]
[WhiteElo "1528"]
[BlackElo "1507"]
[Opening "Nimzo-Indian: classical variation"]
[ECO "E32"]
[Time "19:00:15"]
[TimeControl "2700+45"]

1. d4 e6 2. c4 Nf6 3. Nc3 Bb4 4. Qc2 O-O 5. Nf3 d6 6. Bg5 Nbd7 7. e3 h6 8. Bh4
b6 9. Bd3 Bb7 10. e4 Bxc3+ 11. bxc3 e5 12. O-O c5 13. d5 Re8 14. Be2 Nf8 15.
Bxf6 Qxf6 16. g3 Bc8 17. Qd3 Nh7 18. a4 Bg4 19. Ra2 Ng5 20. Nxg5 Bxe2 21. Qxe2
Qxg5 22. a5 f5 23. axb6 axb6 24. Rb2 Reb8 25. exf5 Qxf5 26. Rfb1 Ra6 27. Rb5 Qd7
28. Qe4 Qd8 29. f4 exf4 30. Qxf4 Ra7 31. Rf1 Re7 32. Rb2 Qc7 33. Rbf2 Rbe8 34.
Qd2 Qb8 35. Rf4 b5 36. cxb5 Qxb5 37. c4 Qb8 {Game drawn by mutual agreement}
1/2-1/2

[Event "Team 45 45 League T88"]
[Site "Internet Chess Club"]
[Date "2021.04.08"]
[Round "1"]
[White "MathMonkey"]
[Black "Ajolote"]
[Result "1-0"]
[WhiteElo "1554"]
[BlackElo "1993"]
[Opening "Sicilian: Pelikan, Chelyabinsk variation"]
[ECO "B33"]
[Time "17:01:49"]
[TimeControl "2700+45"]

1. e4 c5 2. Nf3 Nc6 3. d4 cxd4 4. Nxd4 Nf6 5. Nc3 e5 6. Ndb5 d6 7. Bg5 a6 8. Na3
b5 9. Nd5 Be7 10. Bxf6 Bxf6 11. c3 O-O 12. Nc2 Rb8 13. Bd3 Bg5 14. O-O Be6 15.
Nce3 a5 16. Qc2 b4 17. Qa4 Ne7 18. cxb4 Bxd5 19. Nxd5 Nxd5 20. exd5 Rxb4 21. Qc2
g6 22. a3 Rb8 23. g3 f5 24. h4 Bf6 25. Rab1 Qd7 26. Kg2 Rfc8 27. Qd2 Rc5 28. b4
axb4 29. axb4 Rc7 30. Rfc1 e4 31. Ba6 Rxc1 32. Rxc1 Be5 33. b5 f4 34. Rc6 Qg4
35. b6 e3 36. Qe2 Qf5 37. b7 Rf8 38. f3 fxg3 39. Rc8 {Black resigns} 1-0

[Event "Team 45 45 League T88"]
[Site "Internet Chess Club"]
[Date "2021.04.11"]
[Round "1"]
[White "hipopotamos"]
[Black "Threehundreds"]
[Result "1-0"]
[WhiteElo "1680"]
[BlackElo "1472"]
[Opening "Giuoco Pianissimo: Italian four knights variation"]
[ECO "C50"]
[Time "13:07:23"]
[TimeControl "2700+45"]

1. e4 e5 2. Nf3 Nc6 3. Bc4 Bc5 4. Nc3 Nf6 5. d3 h6 6. O-O O-O 7. a3 a6 8. Kh1 d6
9. h3 Be6 10. Be3 Bxc4 11. dxc4 Bxe3 12. fxe3 Ne7 13. Qe1 c6 14. c5 dxc5 15.
Nxe5 Qc7 16. Nd3 c4 17. Nf2 Ng6 18. Qe2 b5 19. a4 Rfe8 20. axb5 cxb5 21. Rad1
Rad8 22. Nd5 Nxd5 23. exd5 Qe5 24. Ng4 Qe4 25. Qf2 Rf8 26. Rd4 Qe7 27. e4 Ne5
28. Ne3 Qc5 29. Nf5 h5 30. Nxg7 Nc6 31. Nxh5 Qxd4 32. Nf6+ Kh8 33. Qh4+ Kg7 34.
Qh7# {Black checkmated} 1-0

[Event "Team 45 45 League T88"]
[Site "Internet Chess Club"]
[Date "2021.04.11"]
[Round "1"]
[White "ChessG2011"]
[Black "manfredo"]
[Result "1-0"]
[WhiteElo "1462"]
[BlackElo "1449"]
[Opening "Four knights: Italian variation"]
[ECO "C55"]
[Time "14:00:39"]
[TimeControl "2700+45"]

1. e4 e5 2. Nf3 Nc6 3. Bc4 Nf6 4. Nc3 Nxe4 5. Nxe4 d5 6. Bd3 dxe4 7. Bxe4 Bd6 8.
Bxc6+ bxc6 9. h3 O-O 10. O-O Re8 11. d3 Qf6 12. Qd2 h6 13. Qe3 Bf5 14. Nh2 Qg6
15. Qf3 e4 16. dxe4 Bxe4 17. Qg4 Bxc2 18. Qxg6 Bxg6 19. Nf3 Bd3 20. Re1 Rab8 21.
b3 Re2 22. Be3 a6 23. Rxe2 Bxe2 24. Nd4 Be5 25. Nxc6 Bxa1 26. Nxb8 Bb5 27. a4
Be8 28. Nxa6 c6 29. Nc5 Bc3 30. Kf1 Bb4 31. Nd3 Bd6 32. Bc5 Bc7 33. b4 Bd7 34.
a5 Bc8 35. Nb2 Ba6+ 36. Ke1 Bb5 37. Kd2 f6 38. Kc3 Kf7 39. Nc4 Ke6 40. Bb6 Be5+
41. Nxe5 Kxe5 42. f3 f5 43. Bd4+ Kf4 44. Bxg7 h5 45. h4 Kg3 46. Bh6 Kxg2 47. f4
Kf3 48. Kd4 Ke2 49. Ke5 Bd3 50. a6 Bxa6 51. Kxf5 Ke3 52. Ke5 Kd3 53. f5 Bc4 54.
Kf6 Ke4 55. Kg6 Kd5 56. f6 Kd6 57. f7 {Black resigns} 1-0

[Event "Team 45 45 League T88"]
[Site "Internet Chess Club"]
[Date "2021.04.09"]
[Round "1"]
[White "fireball"]
[Black "doudou2011"]
[Result "0-1"]
[WhiteElo "1459"]
[BlackElo "1524"]
[Opening "Sicilian: Smith-Morra gambit"]
[ECO "B21"]
[Time "19:02:21"]
[TimeControl "2700+45"]

1. e4 c5 2. d4 cxd4 3. c3 dxc3 4. Nxc3 Nc6 5. Nf3 e6 6. Bc4 a6 7. O-O b5 8. Bb3
Bb7 9. Qe2 Na5 10. Rd1 Nxb3 11. axb3 Bc5 12. Bg5 Ne7 13. Rac1 Ba7 14. Ne5 f6 15.
Nxd7 fxg5 16. Nf6+ gxf6 17. Rxd8+ Rxd8 18. Qh5+ Ng6 19. Re1 Rd2 20. Re2 Rd4 21.
g3 b4 22. Nd5 exd5 23. exd5+ Kf7 24. Qh3 Rd1+ 25. Kg2 Bxd5+ 26. f3 Rg1# {White
checkmated} 0-1

[Event "Team 45 45 League T88"]
[Site "Internet Chess Club"]
[Date "2021.04.11"]
[Round "1"]
[White "janh"]
[Black "harishbn"]
[Result "0-1"]
[WhiteElo "1972"]
[BlackElo "1953"]
[Opening "King's Indian: Torre attack"]
[ECO "A48"]
[Time "10:30:53"]
[TimeControl "2700+45"]

1. d4 Nf6 2. Nf3 g6 3. Bg5 Bg7 4. Nbd2 O-O 5. e3 d5 6. Bd3 Nbd7 7. O-O c5 8. c3
b6 9. a4 Bb7 10. Qe2 Re8 11. Rfe1 e5 12. Nxe5 Nxe5 13. dxe5 Rxe5 14. Nf3 Re8 15.
Rad1 h6 16. Bh4 g5 17. Bg3 Ne4 18. Nd2 Nxg3 19. hxg3 Qc7 20. Qg4 Rad8 21. Nf3
Bc8 22. Bf5 Re4 23. Qh3 g4 24. Qh5 Bxf5 25. Qxf5 gxf3 26. Rxd5 Rxd5 27. Qxe4 Rd2
28. gxf3 Qd7 29. Rb1 Qe6 30. Qa8+ Kh7 31. Qxa7 Qf5 32. Rf1 Qxf3 33. Qb8 Rxb2 34.
a5 Bxc3 35. a6 c4 36. a7 Ra2 37. Qxb6 Ra5 38. Qb1+ Kg7 39. Qc2 Rh5 40. Qxc3+ f6
{White resigns} 0-1

[Event "Team 45 45 League T88"]
[Site "Internet Chess Club"]
[Date "2021.04.10"]
[Round "1"]
[White "ArturitoGalacti"]
[Black "achessman"]
[Result "1-0"]
[WhiteElo "1853"]
[BlackElo "1869"]
[Opening "Vienna game"]
[ECO "C25"]
[Time "21:01:09"]
[TimeControl "2700+45"]

1. e4 e5 2. Nc3 Bc5 3. g3 Ne7 4. Bg2 O-O 5. Nf3 Nbc6 6. Na4 Bd6 7. d4 exd4 8.
Nxd4 Nxd4 9. Qxd4 Nc6 10. Qd1 b5 11. Nc3 b4 12. Ne2 Ba6 13. O-O Qe7 14. Re1 Rab8
15. Nf4 Bc5 16. Nd5 Qd8 17. Bf4 d6 18. Be3 Bxe3 19. Rxe3 Re8 20. a3 Bc4 21. Nxb4
Ne5 22. f4 a5 23. b3 Be6 24. fxe5 axb4 25. exd6 cxd6 26. axb4 Rxb4 27. Rd3 Qb6+
28. Kh1 Rd8 29. Qd2 Kf8 30. Rd1 Ke7 31. e5 d5 32. Qg5+ Kf8 33. Bxd5 Bxd5+ 34.
Rxd5 Rxd5 35. Rxd5 Rd4 36. Rxd4 Qxd4 37. Qc1 Qe4+ 38. Kg1 Qd4+ 39. Kg2 Qe4+ 40.
Kf2 Qf5+ 41. Ke2 Qe4+ 42. Kf2 Qf5+ 43. Kg1 Qxe5 44. Qd2 Qc5+ 45. Kf1 Qf5+ 46.
Ke1 Qe4+ 47. Qe2 Qh1+ 48. Kd2 Qd5+ 49. Qd3 Qg2+ 50. Qe2 Qd5+ 51. Kc3 {Black
resigns} 1-0

[Event "Team 45 45 League T88"]
[Site "Internet Chess Club"]
[Date "2021.04.10"]
[Round "1"]
[White "ANGELLR"]
[Black "gera-carp75"]
[Result "0-1"]
[WhiteElo "1853"]
[BlackElo "1841"]
[Opening "Queen's pawn, Mason variation"]
[ECO "D00"]
[Time "16:03:53"]
[TimeControl "2700+45"]

1. d4 d5 2. Bf4 Nf6 3. e3 Bf5 4. Nd2 e6 5. Ngf3 Bd6 6. c3 O-O 7. Nh4 Bg4 8. Qb3
b6 9. Bd3 Bxf4 10. exf4 Nh5 11. g3 Nxf4 12. gxf4 Qxh4 13. h3 Bh5 14. Qc2 g6 15.
Nf1 Qxf4 16. Ng3 Bf3 17. Rg1 Re8 18. Ne2 Qh6 19. Rg3 Bh5 20. Kf1 e5 21. Qa4 c6
22. dxe5 Rxe5 23. Re1 Qd2 24. Qh4 Bxe2+ 25. Bxe2 Nd7 26. Rd3 Qxb2 27. Rg3 Rae8
28. Qg4 Nf6 29. Qf3 Ne4 {White resigns} 0-1

[Event "Team 45 45 League T88"]
[Site "Internet Chess Club"]
[Date "2021.04.11"]
[Round "1"]
[White "MathBandit"]
[Black "Portola"]
[Result "0-1"]
[WhiteElo "1648"]
[BlackElo "1745"]
[Opening "French: Wing gambit"]
[ECO "C00"]
[Time "08:00:11"]
[TimeControl "2700+45"]

1. e4 e6 2. Nf3 d5 3. e5 c5 4. b4 cxb4 5. d4 Nc6 6. a3 Qb6 7. axb4 Bxb4+ 8. c3
Be7 9. Bd3 Bd7 10. O-O Nh6 11. Bxh6 gxh6 12. Qd2 Bf8 13. Qc2 Rc8 14. Qa2 a6 15.
Nbd2 Na7 16. Rfb1 Qc7 17. c4 dxc4 18. Nxc4 Bc6 19. Nfd2 Nb5 20. Qb2 Rd8 21. Na5
Be7 22. Nxc6 Qxc6 23. Nf3 O-O 24. Rc1 Qd5 25. Rd1 Rc8 26. Qd2 Nc3 27. Qxh6 f5
28. exf6 Rf7 29. Ne5 Bxf6 30. Nxf7 Kxf7 31. Qxh7+ Ke8 32. Rac1 Be7 33. Bg6+ Kd7
34. Rc2 Nxd1 35. Rxc8 Qxd4 36. Rc2 Nc3 37. Qh5 Nd5 38. Qe2 Qa1+ 39. Qf1 Qf6 40.
Bd3 Bd6 41. g3 Qd4 42. Qe2 Qa1+ 43. Kg2 Qg7 44. Be4 Nf4+ {White resigns} 0-1

[Event "Team 45 45 League T88"]
[Site "Internet Chess Club"]
[Date "2021.04.09"]
[Round "1"]
[White "Sloggi"]
[Black "laurenpar"]
[Result "1-0"]
[WhiteElo "1952"]
[BlackElo "1841"]
[Opening "Dutch defense"]
[ECO "A92"]
[Time "23:46:24"]
[TimeControl "2700+45"]

1. Nf3 e6 2. d4 f5 3. g3 Nf6 4. Bg2 Be7 5. c4 O-O 6. Nc3 d6 7. Rb1 Ne4 8. Qc2
Nxc3 9. Qxc3 a5 10. a3 a4 11. O-O Bf6 12. b4 axb3 13. Qxb3 Nc6 14. Bb2 e5 15.
Rfd1 e4 16. Ne1 Be6 17. d5 Na5 18. Qc2 Bd7 19. e3 b6 20. Rdc1 Qe7 21. Bxf6 Rxf6
22. Qc3 Nb7 23. Nc2 Nc5 24. Nd4 g5 25. Ra1 f4 26. exf4 gxf4 27. Re1 Raf8 28. Ra2
e3 29. f3 Qg7 30. Ne2 Qg5 31. Nxf4 Rxf4 32. gxf4 Qh4 33. Rae2 Rxf4 34. Rxe3 Rxc4
35. Qa1 Bb5 36. Rc1 Rd4 37. Rc2 Ba4 38. Qc3 Rd1+ 39. Bf1 Qg5+ 40. Rg2 {Black
resigns} 1-0

[Event "Team 45 45 League T88"]
[Site "Internet Chess Club"]
[Date "2021.04.08"]
[Round "1"]
[White "fishhead"]
[Black "Tufnell"]
[Result "0-1"]
[WhiteElo "1748"]
[BlackElo "1823"]
[Opening "Sicilian: Richter-Rauzer, 6...e6"]
[ECO "B62"]
[Time "15:01:08"]
[TimeControl "2700+45"]

1. e4 c5 2. Nf3 d6 3. d4 cxd4 4. Nxd4 Nf6 5. Nc3 Nc6 6. Bg5 e6 7. Bc4 Be7 8. O-O
O-O 9. Kh1 a6 10. a4 Qc7 11. f4 h6 12. Bh4 Nxe4 13. Bxe7 Nxc3 14. Bxd6 Nxd1 15.
Bxc7 Ne3 16. Nxc6 bxc6 17. Bd3 Nxf1 18. Rxf1 Ra7 19. Bb6 Rd7 20. g4 Bb7 21. Bc5
Re8 22. Re1 a5 23. Be4 Red8 24. Re3 g6 25. Kg2 f5 26. Bd3 Rd5 27. Bb6 Re8 28.
Kg3 Kf7 29. Bc4 Rd2 30. Bb3 c5 31. gxf5 gxf5 32. Bxc5 Rg8+ 33. Kh3 Be4 34. Rxe4
fxe4 35. f5 Rd5 36. fxe6+ Kxe6 37. Bb6 Kd6 38. Bc7+ Kc6 39. Bg3 e3 40. Kg2 Rf8
41. Bxd5+ Kxd5 42. Be1 Ke4 43. Bxa5 Rf2+ 44. Kg3 Rxc2 45. Bc3 Kd3 46. a5 Rxc3
47. bxc3 e2 {White resigns} 0-1

[Event "Team 45 45 League T88"]
[Site "Internet Chess Club"]
[Date "2021.04.10"]
[Round "1"]
[White "fhunfi"]
[Black "bobhill"]
[Result "0-1"]
[WhiteElo "1668"]
[BlackElo "1816"]
[Opening "Sicilian: closed, 2...Nc6"]
[ECO "B23"]
[Time "21:01:17"]
[TimeControl "2700+45"]

1. e4 c5 2. Nc3 Nc6 3. Bb5 a6 4. Bxc6 bxc6 5. f4 g6 6. Nf3 Bg7 7. d3 d6 8. O-O
Nf6 9. Qe1 O-O 10. h3 Rb8 11. Qh4 e6 12. Rb1 Nd7 13. Qxd8 Rxd8 14. Bd2 Nb6 15.
b3 d5 16. e5 Bd7 17. Be1 c4 18. dxc4 dxc4 19. Bh4 Rdc8 20. Ne4 Bf8 21. Nf6+ Kg7
22. Nxd7 Nxd7 23. bxc4 Nb6 24. Bf2 Nxc4 25. c3 a5 26. Rfd1 a4 27. Nd4 c5 28. Nc2
Rb2 29. Rxb2 Nxb2 30. Rd7 Rb8 31. Rc7 Nd3 32. Bh4 Nxf4 33. Bf6+ Kg8 34. Ne3 Ne2+
35. Kh2 Nxc3 36. Nc4 Nd5 37. Ra7 Nxf6 38. exf6 h5 39. Rxa4 Rb4 40. Rxb4 cxb4 41.
Kg3 Bc5 42. Nd2 Bd4 43. Ne4 Kf8 44. Kf3 Be5 45. Ke2 Ke8 46. Kd3 Kd7 47. Kc4 Kc6
48. Kxb4 Kd5 49. Ng5 Bxf6 50. Nxf7 e5 51. g4 Ke6 52. Nh6 Bg5 53. gxh5 gxh5 54.
Ng8 Kf7 55. Kc4 Kxg8 56. Kd5 Bf4 57. a4 Kf7 58. a5 Kf6 59. Ke4 Bh2 60. a6 Bg1
61. Kf3 Kf5 {White resigns} 0-1

[Event "Team 45 45 League T88"]
[Site "Internet Chess Club"]
[Date "2021.04.10"]
[Round "1"]
[White "filmdirector"]
[Black "Boxermam"]
[Result "0-1"]
[WhiteElo "1649"]
[BlackElo "1709"]
[Opening "French: exchange variation"]
[ECO "C01"]
[Time "14:02:09"]
[TimeControl "2700+45"]

1. e4 e6 2. d4 d5 3. exd5 exd5 4. Nf3 Bd6 5. Bd3 Ne7 6. Ne5 Bxe5 7. dxe5 Bf5 8.
Be2 Nbc6 9. g4 Be6 10. f4 f5 11. exf6 gxf6 12. g5 fxg5 13. Bh5+ Kd7 14. Nc3 Kc8
15. Be3 b6 16. Nb5 Kb7 17. Qd2 Nf5 18. Bf2 a6 19. Nc3 gxf4 20. Qxf4 Qd6 21. Qxd6
Nxd6 22. O-O-O Ne4 23. Nxe4 dxe4 24. Rhe1 Bf5 25. Bh4 Rhg8 26. Bg3 Rgd8 27. Rxd8
Rxd8 28. c3 Rd5 29. Bd1 Ne5 30. Re3 Rd3 31. Re1 Rxg3 32. hxg3 Nd3+ 33. Kd2 Nxe1
34. Kxe1 Kc6 35. Kd2 Kd5 36. Ke3 Ke5 37. Ba4 Be6 38. a3 c5 39. Bc2 Bf5 40. Bd1
Be6 41. Be2 b5 42. Bf1 Bg4 43. Bg2 Bf5 44. Bf1 Bd7 45. Bg2 Bf5 46. Bf1 Be6 47.
Bg2 Bd5 48. Bf1 Bb3 49. Bg2 Bc2 50. Bf1 Kf5 51. Bh3+ Ke5 52. Bg2 a5 53. b4 cxb4
54. axb4 a4 55. Kd2 Bd3 56. Bh3 a3 57. Kc1 e3 58. Bg4 e2 59. Bxe2 Bxe2 60. Kb1
Bc4 61. Kc2 h5 62. Kb1 Ke4 63. Kc2 Kf3 64. g4 hxg4 65. Kb1 g3 66. Kc2 g2 67. Kd2
Kf2 68. Kc2 g1=Q 69. Kd2 Qe1+ 70. Kc2 Qe2+ 71. Kc1 Qb2+ 72. Kd1 Bb3# {White
checkmated} 0-1

[Event "Team 45 45 League T88"]
[Site "Internet Chess Club"]
[Date "2021.04.11"]
[Round "1"]
[White "McDreasor"]
[Black "Ajolote"]
[Result "1/2-1/2"]
[WhiteElo "1928"]
[BlackElo "1990"]
[Opening "Sicilian: Nimzovich-Rossolimo attack (with ...g6, without ...d6)"]
[ECO "B31"]
[Time "13:11:41"]
[TimeControl "2700+45"]

1. e4 c5 2. Nf3 Nc6 3. Bb5 g6 4. Bxc6 dxc6 5. d3 Bg7 6. h3 e5 7. Be3 b6 8. Nbd2
Ne7 9. Nc4 f6 10. O-O Be6 11. Qe2 Qc7 12. a4 a5 13. c3 Bxc4 14. dxc4 O-O 15.
Rfb1 Kh8 16. b4 cxb4 17. cxb4 axb4 18. c5 b5 19. axb5 Rxa1 20. Rxa1 cxb5 21.
Qxb5 Rb8 22. Qc4 Nc6 23. Nd2 Qb7 24. Nb3 Ra8 25. Qe6 Rxa1+ 26. Nxa1 h6 27. Nb3
Qb5 28. Qd5 Kh7 {Game drawn by mutual agreement} 1/2-1/2

[Event "Team 45 45 League T88"]
[Site "Internet Chess Club"]
[Date "2021.04.09"]
[Round "1"]
[White "zugknightly"]
[Black "MacroPawn"]
[Result "1-0"]
[WhiteElo "1891"]
[BlackElo "1833"]
[Opening "English, 1...Nf6 (Anglo-Indian defense)"]
[ECO "A15"]
[Time "21:03:58"]
[TimeControl "2700+45"]

1. c4 Nf6 2. g3 g6 3. Bg2 Bg7 4. Nc3 d6 5. d3 O-O 6. Bg5 Nbd7 7. e4 c6 8. Qd2
Re8 9. Nge2 e5 10. O-O Nc5 11. h3 a5 12. Be3 Ne6 13. f4 exf4 14. gxf4 Nc7 15.
Rad1 d5 16. cxd5 cxd5 17. e5 Nh5 18. Bb6 Be6 19. d4 Ra6 20. Bxc7 Qxc7 21. Nxd5
Qd7 22. Nec3 Bxh3 23. Bxh3 Qxh3 24. Nc7 Ng3 25. Nxe8 Qh1+ 26. Kf2 Qh2+ 27. Ke1
Qh3 28. Qf2 Bf8 29. Rd3 {Black resigns} 1-0

[Event "Team 45 45 League T88"]
[Site "Internet Chess Club"]
[Date "2021.04.08"]
[Round "1"]
[White "DeepPoo"]
[Black "hipopotamos"]
[Result "1-0"]
[WhiteElo "1770"]
[BlackElo "1672"]
[Opening "Levitsky attack (Queen's bishop attack)"]
[ECO "D00"]
[Time "15:17:32"]
[TimeControl "2700+45"]

1. d4 d5 2. Bg5 Bf5 3. e3 Nf6 4. Bxf6 exf6 5. Nf3 Bd6 6. c4 O-O 7. c5 Be7 8. Nh4
Bd7 9. Bd3 b6 10. b4 a5 11. Nc3 axb4 12. Nxd5 Ba4 13. Nxe7+ Qxe7 14. Qg4 g6 15.
cxb6 cxb6 16. Rc1 Bd7 17. Bf5 Rxa2 18. O-O Kh8 19. Bxd7 Qxd7 20. Qxd7 Nxd7 21.
Rb1 Ra4 22. Rfc1 b5 23. Rc7 Nb6 24. Rc5 Rc8 25. Rxb5 Nd7 26. g3 Rb8 27. Rxb8+
Nxb8 28. Nf3 Kg8 29. Nd2 Na6 30. Kf1 Kf8 31. Ke2 Ke7 32. Kd3 Ra2 33. Rc1 Kd7 34.
h4 h5 35. Rc2 Ra3+ 36. Kc4 f5 37. Nb3 Kd6 38. Nc1 Rc3+ 39. Rxc3 bxc3 40. Kxc3
Kd5 41. f3 Nc7 42. Nd3 Nb5+ 43. Kd2 f6 44. Nf4+ Kc4 45. Nxg6 Nd6 46. Nf4 Nb5 47.
Nxh5 Nxd4 48. exd4 Kxd4 49. Nxf6 Ke5 50. Nd7+ Ke6 51. Nc5+ Kf6 52. Kd3 Kg6 53.
Kd4 Kh5 54. Ke5 Kg6 55. Nb7 f4 56. Kxf4 Kh5 57. Kf5 Kh6 58. g4 Kh7 59. Kf6 Kh6
60. g5+ Kh7 61. f4 Kg8 62. Kg6 Kh8 63. Kf7 Kh7 64. g6+ Kh6 65. g7 Kh5 66. g8=Q
Kxh4 67. Ke6 Kh3 68. f5 Kh4 69. f6 Kh3 70. Kf5 Kh2 71. Kf4 Kh1 72. Kf3 Kh2 73.
Qg2# {Black checkmated} 1-0

[Event "Team 45 45 League T88"]
[Site "Internet Chess Club"]
[Date "2021.04.09"]
[Round "1"]
[White "primerpaso"]
[Black "cayo89"]
[Result "1-0"]
[WhiteElo "1825"]
[BlackElo "1480"]
[Opening "English opening"]
[ECO "A10"]
[Time "16:59:19"]
[TimeControl "2700+45"]

1. c4 d6 2. Nc3 e5 3. g3 Nf6 4. Bg2 c6 5. d4 Nbd7 6. e4 Be7 7. Nge2 a6 8. O-O b6
9. h3 h5 10. f4 Bb7 11. Be3 O-O 12. Qd2 Re8 13. fxe5 dxe5 14. d5 Bc5 15. Kh2 Qe7
16. Bg5 Rad8 17. Rad1 b5 18. cxb5 cxb5 19. Bf3 Qd6 20. Kg2 Rc8 21. g4 hxg4 22.
hxg4 Nf8 23. Ng3 g6 24. Be2 N6h7 25. Be3 Bxe3 26. Qxe3 Kg7 27. Rf2 f6 28. Rh1
Ng5 29. Rhf1 Nd7 30. Bd3 Rh8 31. Rxf6 Nxf6 32. Qxg5 Kf7 33. Qe3 Kg7 34. Qg5 Kf7
35. Nce2 Rcg8 36. Ng1 Bc8 37. Nf3 Re8 38. Nh4 Rxh4 39. Qxh4 Kg7 40. Qg5 Kf7 41.
Be2 Rh8 42. Qe3 Kg7 43. g5 Nd7 44. Bg4 Rf8 45. Rxf8 Kxf8 46. Qf3+ Kg7 47. Be6
Qe7 48. Qg4 Kf8 49. Qh3 Qg7 50. Nf1 Ke7 51. Ne3 Kd6 52. Qh6 {Black resigns} 1-0

[Event "Team 45 45 League T88"]
[Site "Internet Chess Club"]
[Date "2021.04.10"]
[Round "1"]
[White "liujf"]
[Black "andrew37"]
[Result "1-0"]
[WhiteElo "1591"]
[BlackElo "1640"]
[Opening "King's Indian, 3.Nf3"]
[ECO "E60"]
[Time "16:23:08"]
[TimeControl "2700+45"]

1. d4 Nf6 2. Nf3 g6 3. c4 Bg7 4. g3 c6 5. Bg2 d5 6. Nc3 dxc4 7. e4 b5 8. Qc2 Na6
9. a3 O-O 10. O-O Bb7 11. h3 Nc7 12. Be3 a5 13. Rfd1 Qc8 14. a4 b4 15. Ne2 b3
16. Qb1 Rb8 17. Ne5 Nd7 18. Nxc4 Ba6 19. Rc1 Bxc4 20. Rxc4 Qa6 21. Qc1 c5 22.
Bf1 Ne6 23. Nf4 Qb7 24. Nxe6 fxe6 25. Bg2 Qa6 26. Bf1 Qb7 27. dxc5 Ne5 28. c6
Qc7 29. Bf4 Nf3+ 30. Kh1 e5 31. Be3 Nd4 32. Qd2 Rbd8 33. Qc3 Nc2 34. Rc1 Rb8 35.
Rc5 Rb4 36. Bc4+ Kh8 37. Bxb3 Nxe3 38. Qxe3 h5 39. R1c3 Kh7 40. Rd5 Rd4 41. Kg2
e6 42. Rb5 Bh6 43. Qe2 Qd6 44. Rb7+ Kh8 45. Rc2 Rc8 46. c7 Rb4 47. Rxb4 axb4 48.
Qc4 Bf8 49. Qxe6 {Black resigns} 1-0

[Event "Team 45 45 League T88"]
[Site "Internet Chess Club"]
[Date "2021.04.09"]
[Round "1"]
[White "MartyJR"]
[Black "vhuffst"]
[Result "0-1"]
[WhiteElo "1576"]
[BlackElo "1338"]
[Opening "Queen's pawn"]
[ECO "A40"]
[Time "21:00:27"]
[TimeControl "2700+45"]

1. d4 e6 2. Bf4 f5 3. e3 Nf6 4. Nf3 b6 5. Nbd2 Bb7 6. Bd3 Bd6 7. Bg3 Bxg3 8.
hxg3 O-O 9. Qe2 Nc6 10. c3 Qe8 11. O-O-O Ne7 12. e4 Nxe4 13. Nxe4 fxe4 14. Bxe4
Bxe4 15. Qxe4 Qg6 16. Qh4 Nf5 17. Qh3 Qh6+ 18. Qxh6 Nxh6 19. Ne5 Rxf2 20. Nxd7
Rxg2 21. Nf6+ gxf6 22. Rxh6 Kg7 23. Rh3 a5 24. Re1 Re8 25. Reh1 Rh8 26. Re1 Kf7
27. Re4 Rg1+ 28. Kc2 Rg2+ 29. Kb3 f5 30. Re3 h6 31. Re1 Kf6 32. Re5 c5 33. Re1
cxd4 34. cxd4 b5 35. Re5 a4+ 36. Ka3 Rd2 37. Rxb5 Rxd4 38. Rb4 Rxb4 39. Kxb4 e5
40. Kxa4 e4 41. Rh2 h5 42. b4 Kg5 43. Kb3 Kg4 44. Rf2 Kxg3 45. Rxf5 h4 46. Rg5+
Kf4 47. Rg1 e3 48. Kc2 h3 49. Rh1 Kf3 50. Kd1 e2+ 51. Ke1 Rh6 52. Rh2 Kg3 53.
Rxe2 h2 54. Re3+ Kf4 55. Re2 h1=Q+ {White resigns} 0-1

[Event "Team 45 45 League T88"]
[Site "Internet Chess Club"]
[Date "2021.04.11"]
[Round "1"]
[White "piirimae"]
[Black "goldeen7"]
[Result "0-1"]
[WhiteElo "1307"]
[BlackElo "1306"]
[Opening "Robatsch defense: Geller's system"]
[ECO "B06"]
[Time "10:00:11"]
[TimeControl "2700+45"]

1. e4 g6 2. d4 Bg7 3. Nf3 d6 4. c3 Nf6 5. Nbd2 O-O 6. Be2 e5 7. d5 a5 8. O-O Na6
9. Re1 Nc5 10. Bb5 Ne8 11. Nb3 Nxb3 12. axb3 f5 13. b4 f4 14. Rxa5 Rxa5 15. bxa5
g5 16. Be2 g4 17. Nd2 Qh4 18. f3 g3 19. h3 Bxh3 20. gxh3 Qxh3 21. Nf1 Rf6 22.
Bb5 Rh6 23. Nxg3 fxg3 24. Bxh6 Qh2+ 25. Kf1 Qf2# {White checkmated} 0-1

[Event "Team 45 45 League T88"]
[Site "Internet Chess Club"]
[Date "2021.04.09"]
[Round "1"]
[White "harrington"]
[Black "Timmah4651"]
[Result "1-0"]
[WhiteElo "1408"]
[BlackElo "1579"]
[Opening "Petrov: classical attack, Marshall variation"]
[ECO "C42"]
[Time "22:00:18"]
[TimeControl "2700+45"]

1. e4 e5 2. Nf3 Nf6 3. Nxe5 d6 4. Nf3 Nxe4 5. d4 d5 6. Bd3 Bd6 7. O-O O-O 8. c4
c6 9. Nc3 Nxc3 10. bxc3 h6 11. cxd5 cxd5 12. Rb1 Qc7 13. Qb3 b6 14. Qxd5 Bb7 15.
Qf5 g6 16. Qg4 Nd7 17. Bxh6 Bxf3 18. Qxf3 Rfe8 19. h4 Qxc3 20. h5 Qxd4 21. hxg6
Qf6 22. gxf7+ Kxf7 23. Qh5+ Ke7 24. Bg5 Rh8 25. Bxf6+ Nxf6 26. Rfe1+ Kd7 27.
Qf7+ Kc6 28. Rbc1+ Bc5 29. Qxf6+ {Black resigns} 1-0